[Event "ICC tourney 2049 (75 10)"]
[Site "Internet Chess Club"]
[Date "2020.10.10"]
[Round "3"]
[White "rockinroll"]
[Black "Roger436"]
[Result "0-1"]
[ICCResult "White resigns"]
[WhiteElo "1783"]
[BlackElo "1706"]
[Opening "Queen's pawn: London system"]
[ECO "A45"]
[NIC "QP.07"]
[Time "14:46:41"]
[TimeControl "4500+10"]

1. d4 Nf6 2. Bf4 g6 3. Nc3 d5 4. e3 Bg7 5. Nf3 O-O 6. Be2 c6 7. Ne5 Nbd7 8.
h4 Qb6 9. Rb1 Nxe5 10. Bxe5 Nd7 11. Bxg7 Kxg7 12. h5 e5 13. Qd2 Qd8 14. hxg6
hxg6 15. e4 Rh8 16. Rxh8 Qxh8 17. exd5 Qh1+ 18. Bf1 cxd5 19. Nxd5 Qh4 20. c3
Qe4+ {White resigns} 0-1

[Event "ICC tourney 2049 (75 10)"]
[Site "Internet Chess Club"]
[Date "2020.10.10"]
[Round "3"]
[White "saanvichess"]
[Black "Bearbarion"]
[Result "1-0"]
[ICCResult "Black resigns"]
[WhiteElo "1725"]
[BlackElo "1829"]
[Opening "Caro-Kann: exchange variation"]
[ECO "B13"]
[NIC "CK.02"]
[Time "14:46:31"]
[TimeControl "4500+10"]

1. e4 c6 2. d4 d5 3. exd5 cxd5 4. Bd3 Nc6 5. c3 Qc7 6. h3 Nf6 7. Nf3 e5 8.
dxe5 Nxe5 9. Qe2 Bd6 10. Nxe5 O-O 11. Nf3 Re8 12. Be3 d4 13. Nxd4 Nd5 14.
Bxh7+ Kh8 15. Bc2 g6 16. O-O Bd7 17. Qf3 Bc6 18. Nxc6 Nxe3 19. fxe3 bxc6 20.
Qf6+ Kg8 21. Bb3 {Black resigns} 1-0

[Event "ICC tourney 2049 (75 10)"]
[Site "Internet Chess Club"]
[Date "2020.10.10"]
[Round "3"]
[White "adchess"]
[Black "Singireddy"]
[Result "1/2-1/2"]
[ICCResult "Game drawn by mutual agreement"]
[WhiteElo "1979"]
[BlackElo "2106"]
[Opening "Neo-Grünfeld, 6.O-O, main line"]
[ECO "D79"]
[NIC "GI.02"]
[Time "14:46:39"]
[TimeControl "4500+10"]

1. d4 Nf6 2. Nf3 g6 3. g3 Bg7 4. Bg2 O-O 5. O-O d5 6. c4 c6 7. cxd5 cxd5 8.
Nc3 Nc6 9. Ne5 Bf5 10. Be3 Rc8 11. Qb3 e6 12. Qxb7 Nxe5 13. dxe5 Ng4 14.
Bxa7 Nxe5 15. Rac1 Nc4 16. Qb4 Qd7 17. Bc5 Rfd8 18. b3 Bxc3 19. Rxc3 Rb8 20.
Qa4 Qxa4 21. bxa4 Nb6 22. a5 Na4 23. Rcc1 Nxc5 24. Rxc5
{Game drawn by mutual agreement}
1/2-1/2

[Event "ICC tourney 2049 (75 10)"]
[Site "Internet Chess Club"]
[Date "2020.10.10"]
[Round "3"]
[White "DanielA1926"]
[Black "piplup0621"]
[Result "0-1"]
[ICCResult "White checkmated"]
[WhiteElo "1521"]
[BlackElo "1904"]
[Opening "King's Indian: East Indian defense"]
[ECO "A48"]
[NIC "QP.06"]
[Time "14:46:23"]
[TimeControl "4500+10"]

1. d4 Nf6 2. Nf3 g6 3. c3 Bg7 4. Bg5 d5 5. Nbd2 O-O 6. g3 h6 7. Bxf6 exf6 8.
Bg2 c6 9. O-O f5 10. Ne5 Be6 11. f4 Nd7 12. Nxd7 Qxd7 13. b4 a5 14. Nb3 axb4
15. Nc5 Qe7 16. cxb4 b6 17. Nxe6 Qxe6 18. Qd2 Rfe8 19. Rfd1 Qxe2 20. Qxe2
Rxe2 21. b5 c5 22. Bxd5 Rd8 23. Bc4 Ree8 24. Rac1 Bxd4+ 25. Kg2 Re4 26. Bb3
Re2+ 27. Kh3 g5 28. fxg5 hxg5 29. Re1 g4+ 30. Kh4 Bf6+ 31. Kh5 Rxh2#
{White checkmated}
0-1

[Event "ICC tourney 2049 (75 10)"]
[Site "Internet Chess Club"]
[Date "2020.10.10"]
[Round "3"]
[White "kapilank"]
[Black "mlabudde"]
[Result "1-0"]
[ICCResult "Black resigns"]
[WhiteElo "1822"]
[BlackElo "1909"]
[Opening "French: Tarrasch, closed variation"]
[ECO "C05"]
[NIC "FR.16"]
[Time "14:46:44"]
[TimeControl "4500+10"]

1. e4 e6 2. d4 d5 3. Nd2 Nf6 4. e5 Nfd7 5. f4 c5 6. c3 cxd4 7. cxd4 Nc6 8.
Ngf3 Qb6 9. Nb3 a5 10. a4 Bb4+ 11. Kf2 O-O 12. g3 f6 13. Kg2 fxe5 14. dxe5
Ncxe5 15. fxe5 Nxe5 16. Qd4 Qxd4 17. Nbxd4 Nf7 18. Bb5 e5 19. Nc2 Bf5 20.
Nxb4 axb4 21. Bd2 Be4 22. Rhf1 Nd6 23. Be2 Bxf3+ 24. Bxf3 e4 25. Bg4 Rxf1
26. Rxf1 d4 27. Bxb4 h5 28. Be6+ Kh8 29. Bxd6 Rxa4 30. Rf8+ Kh7 31. Bf5+ g6
32. Bxe4 Kg7 33. Rb8 d3 34. Bxd3 Kf6 35. Ba3 Rd4 36. Be2 {Black resigns} 1-0

[Event "ICC tourney 2049 (75 10)"]
[Site "Internet Chess Club"]
[Date "2020.10.10"]
[Round "3"]
[White "Otelo"]
[Black "kaspanama0375"]
[Result "1-0"]
[ICCResult "Black resigns"]
[WhiteElo "2052"]
[BlackElo "1846"]
[Opening "English opening"]
[ECO "A05"]
[NIC "QP.11"]
[Time "14:46:24"]
[TimeControl "4500+10"]

1. Nf3 Nf6 2. c4 g6 3. b4 Bg7 4. Bb2 O-O 5. g3 d5 6. cxd5 Nxd5 7. Bxg7 Kxg7
8. Qc2 c6 9. Bg2 Qb6 10. a3 a5 11. bxa5 Qxa5 12. O-O Na6 13. d3 Nc5 14. Nbd2
Na4 15. Rfc1 Ndc3 16. Kf1 Qh5 17. Ne4 Nxe4 18. dxe4 Bh3 19. Rab1 Ra7 20. Qd2
Bxg2+ 21. Kxg2 Rfa8 22. Qd7 Kf8 23. Rxb7 Rxb7 24. Qxb7 Qa5 25. Ne5 Nc3 26.
Rxc3 {Black resigns} 1-0

[Event "ICC tourney 2049 (75 10)"]
[Site "Internet Chess Club"]
[Date "2020.10.10"]
[Round "3"]
[White "HarleyQueen8"]
[Black "Baseballchamp"]
[Result "1/2-1/2"]
[ICCResult "Game drawn by mutual agreement"]
[WhiteElo "1863"]
[BlackElo "2001"]
[Opening "QGD semi-Slav"]
[ECO "D43"]
[NIC "SL.03"]
[Time "14:46:30"]
[TimeControl "4500+10"]

1. d4 d5 2. c4 c6 3. Nf3 Nf6 4. Nc3 e6 5. Bg5 h6 6. Bh4 dxc4 7. a4 Bb4 8. e3
b5 9. Be2 Bb7 10. O-O a6 11. Qc2 Nbd7 12. b3 cxb3 13. Qxb3 Bxc3 14. Qxc3 Ne4
15. Qc2 Ng5 16. Nxg5 hxg5 17. Bg3 O-O 18. Bf3 Nf6 19. h3 Rc8 20. Qc5 Ba8 21.
Qxg5 Nd7 22. Qxd8 Rfxd8 23. axb5 axb5 24. Rfc1 Nb6 25. Ra7 Nc4 26. Be2 c5
27. Bxc4 bxc4 28. Rxc4 cxd4 29. Rxc8 Rxc8 30. exd4 Bd5
{Game drawn by mutual agreement}
1/2-1/2

[Event "ICC tourney 2049 (75 10)"]
[Site "Internet Chess Club"]
[Date "2020.10.10"]
[Round "3"]
[White "challenger2010"]
[Black "GutsyEdge"]
[Result "1-0"]
[ICCResult "Black resigns"]
[WhiteElo "2150"]
[BlackElo "1958"]
[Opening "English: Neo-Catalan declined"]
[ECO "A07"]
[NIC "QP.09"]
[Time "14:46:43"]
[TimeControl "4500+10"]

1. Nf3 d5 2. g3 Nf6 3. Bg2 e6 4. O-O Be7 5. c4 O-O 6. d3 c6 7. Qc2 b6 8.
Nbd2 Bb7 9. a3 c5 10. b3 d4 11. b4 Nbd7 12. bxc5 bxc5 13. a4 e5 14. Ba3 Bc6
15. a5 Qxa5 16. Nxd4 Bxg2 17. N4b3 Qc7 18. Kxg2 a5 19. Nc1 Qc6+ 20. e4 Rfd8
21. Ne2 h5 22. Nc3 h4 23. Nd5 Nxd5 24. cxd5 Qh6 25. h3 hxg3 26. fxg3 Nf6 27.
Nc4 Nh5 28. Qf2 f6 29. Qf5 Kh8 30. Bc1 Qh7 31. Qxh7+ Kxh7 32. Rxa5 Rxa5 33.
Nxa5 Ra8 34. Bd2 Bd8 35. Nc4 Ra2 36. Kf3 g5 37. Rb1 Ra8 38. Kg4 Kg6 39. h4
gxh4 40. gxh4 Ng7 41. Rg1 Kh7 42. h5 Be7 43. h6 Ne6 44. Kh5 Ng5 45. Rb1 Ra7
46. Rf1 Nf7 47. Rh1 Rb7 48. Kg4 Rb3 49. Kf5 Nd8 50. Ra1 Rb7 51. d6 Bf8 52.
Kxf6 Rf7+ 53. Kxe5 Rf3 54. Ra3 Rh3 55. Kd5 Rh5+ 56. e5 Nf7 57. Ra7 Kg6 58.
Ke6 Rf5 59. h7 Bg7 60. Rxf7 Rxf7 61. d7 Rf8 62. Ke7 Rf7+ 63. Kd6 Rf3 64. Be3
Rf8 65. e6 Bf6 66. e7 Bxe7+ 67. Kxe7 {Black resigns} 1-0

[Event "ICC tourney 2049 (75 10)"]
[Site "Internet Chess Club"]
[Date "2020.10.10"]
[Round "3"]
[White "kaiclc"]
[Black "BobbyFissure"]
[Result "1-0"]
[ICCResult "Black resigns"]
[WhiteElo "2024"]
[BlackElo "1462"]
[Opening "Sicilian: dragon, Yugoslav attack, Rauser variation"]
[ECO "B76"]
[NIC "SI.17"]
[Time "14:46:30"]
[TimeControl "4500+10"]

1. e4 c5 2. Nf3 d6 3. d4 cxd4 4. Nxd4 Nf6 5. Nc3 g6 6. Be3 Bg7 7. f3 O-O 8.
Qd2 Nc6 9. O-O-O Nxd4 10. Bxd4 Be6 11. h4 Qa5 12. Kb1 h5 13. Nd5 Qxd2 14.
Nxe7+ Kh7 15. Rxd2 Bh6 16. Rd1 Nd7 17. Bb5 Ne5 18. Bc3 a6 19. Ba4 b5 20. Bb3
Bxb3 21. axb3 a5 22. Rxd6 a4 23. Bxe5 axb3 24. Nd5 bxc2+ 25. Kxc2 Rfc8+ 26.
Kd3 Bc1 27. Nf6+ Kh6 28. Rxc1 Rxc1 29. Bf4+ Kg7 30. Bxc1 Rc8 31. Be3 b4 32.
Bd4 Kf8 33. g4 Ke7 34. Rd7+ Kf8 35. gxh5 gxh5 36. Nxh5 Kg8 37. Rd6 Rc1 38.
Rd8+ Kh7 39. Nf6+ Kg6 40. Rg8+ {Black resigns} 1-0

[Event "ICC tourney 2049 (75 10)"]
[Site "Internet Chess Club"]
[Date "2020.10.10"]
[Round "3"]
[White "dzchess01"]
[Black "Mrpeetapizza"]
[Result "0-1"]
[ICCResult "White resigns"]
[WhiteElo "1884"]
[BlackElo "1883"]
[Opening "Sicilian: Boleslavsky variation"]
[ECO "B58"]
[NIC "SI.25"]
[Time "14:46:26"]
[TimeControl "4500+10"]

1. e4 c5 2. Nf3 d6 3. d4 cxd4 4. Nxd4 Nf6 5. Nc3 Nc6 6. Be2 e5 7. Ndb5 a6 8.
Na3 b5 9. Nd5 Nxd5 10. exd5 Nb8 11. c4 b4 12. Qa4+ Nd7 13. Qxb4 Be7 14. O-O
O-O 15. Nc2 Nc5 16. Qe1 Bf5 17. Ne3 Bg6 18. b4 Nd3 19. Qd1 Nxc1 20. Rxc1 f5
21. c5 f4 22. Ng4 h5 23. Nxe5 dxe5 24. d6 Bf6 25. c6 e4 26. c7 Qd7 27. a4
Bf7 28. b5 Be5 29. b6 f3 30. gxf3 Qh3 {White resigns} 0-1

[Event "ICC tourney 2049 (75 10)"]
[Site "Internet Chess Club"]
[Date "2020.10.10"]
[Round "3"]
[White "tigertiger2019"]
[Black "caratclownery"]
[Result "0-1"]
[ICCResult "White checkmated"]
[WhiteElo "1659"]
[BlackElo "1938"]
[Opening "English: symmetrical variation"]
[ECO "A33"]
[NIC "QP.10"]
[Time "14:46:39"]
[TimeControl "4500+10"]

1. Nf3 c5 2. c4 Nc6 3. d4 cxd4 4. Nxd4 Nf6 5. Nc3 e6 6. a3 Be7 7. e4 O-O 8.
Be3 a6 9. f3 d5 10. cxd5 exd5 11. Nxc6 bxc6 12. exd5 cxd5 13. Bd4 Re8 14.
Be2 Rb8 15. Qd2 Be6 16. O-O Nd7 17. Bxa6 Nc5 18. Bxc5 Bxc5+ 19. Kh1 d4 20.
Ne4 Bb6 21. Bd3 Bf5 22. Qf4 Bg6 23. Bc4 Bc7 24. Qg4 Rxb2 25. a4 Bb8 26. a5
Qc7 27. Qg3 Qxc4 28. Qg5 h6 29. Qc5 Qe2 30. Rf2 Qb5 31. Qxb5 Rxb5 32. a6
Bxe4 33. fxe4 Rxe4 34. Rc2 Kh7 35. h3 d3 36. Rd2 Rd5 37. a7 Bxa7 38. Rxa7
Re2 39. Rd1 d2 40. Raa1 Rde5 41. Rg1 Re1 42. Rd1 Rxd1 43. Rxd1 Re1+ 44. Rxe1
dxe1=Q+ 45. Kh2 Qe5+ 46. Kg1 Qe3+ 47. Kh1 Kg6 48. Kh2 Qf2 49. h4 Kf5 50. Kh3
h5 51. Kh2 Qxh4+ 52. Kg1 Kf4 53. Kf1 Ke3 54. g3 Qh1# {White checkmated} 0-1

[Event "ICC tourney 2049 (75 10)"]
[Site "Internet Chess Club"]
[Date "2020.10.10"]
[Round "3"]
[White "kwen2008"]
[Black "odlepikachu"]
[Result "0-1"]
[ICCResult "White resigns"]
[WhiteElo "1731"]
[BlackElo "1938"]
[Opening "King's Indian: fianchetto, Panno variation"]
[ECO "E63"]
[NIC "KI.71"]
[Time "14:46:21"]
[TimeControl "4500+10"]

1. d4 Nf6 2. c4 g6 3. g3 Bg7 4. Bg2 d6 5. Nf3 O-O 6. O-O Nc6 7. Nc3 a6 8. a3
Rb8 9. b4 b5 10. cxb5 axb5 11. Bb2 e6 12. e3 Bd7 13. Rc1 Ne8 14. Qe2 Ne7 15.
Nd2 d5 16. Nb3 Nd6 17. Nc5 Nec8 18. Rfd1 Nc4 19. e4 c6 20. e5 N8b6 21. Rc2
Ra8 22. Ra1 Ra7 23. a4 bxa4 24. N3xa4 Qa8 25. Bc1 Nxa4 26. Rca2 Nc3 27. Rxa7
Nxe2+ 28. Kf1 Qc8 29. Nxd7 Nxc1 30. Nxf8 Bxf8 31. Rxc1 Bxb4 32. Rca1 Kg7 33.
Ra8 Qb7 34. Kg1 Bc3 35. R8a7 Qb2 36. Rd1 Bxd4 37. Rf1 Bxa7 {White resigns}
0-1

[Event "ICC tourney 2049 (75 10)"]
[Site "Internet Chess Club"]
[Date "2020.10.10"]
[Round "3"]
[White "Gold-Finch123"]
[Black "mopaska1106"]
[Result "0-1"]
[ICCResult "White resigns"]
[WhiteElo "1647"]
[BlackElo "1962"]
[Opening "Queen's pawn: London system"]
[ECO "A45"]
[NIC "QP.07"]
[Time "14:46:50"]
[TimeControl "4500+10"]

1. d4 Nf6 2. Bf4 c5 3. e3 Qb6 4. Nc3 g6 5. Be2 Bg7 6. h4 cxd4 7. exd4 Nc6 8.
Nf3 Nh5 9. Be5 Nxe5 10. Nxe5 Nf4 11. Bc4 Bxe5 12. dxe5 Qxb2 13. Kd2 Qb4 14.
Qf1 O-O 15. g3 d5 16. gxf4 dxc4 17. h5 Rd8+ 18. Ke2 Qxc3 19. Qc1 Bg4+ 20.
Kf1 Rd2 21. Qe1 Rad8 22. hxg6 hxg6 23. Qe3 Qxe3 24. fxe3 Rxc2 25. Rh4 Bf5
26. a3 Rdd2 27. Re1 Rf2+ 28. Kg1 Rg2+ 29. Kh1 Be4 {White resigns} 0-1

[Event "ICC tourney 2049 (75 10)"]
[Site "Internet Chess Club"]
[Date "2020.10.10"]
[Round "3"]
[White "KnightowlCul8r"]
[Black "WayTooRighteous"]
[Result "0-1"]
[ICCResult "White checkmated"]
[WhiteElo "1887"]
[BlackElo "2106"]
[Opening "Sicilian: dragon, 6.Be3"]
[ECO "B72"]
[NIC "SI.15"]
[Time "14:46:53"]
[TimeControl "4500+10"]

1. e4 c5 2. Nf3 d6 3. d4 cxd4 4. Nxd4 Nf6 5. Nc3 g6 6. Be3 a6 7. f3 b5 8. a3
Bb7 9. Qd2 h5 10. h4 Nbd7 11. Be2 Rc8 12. Nb3 Ne5 13. Bd4 Bh6 14. Be3 Bg7
15. O-O-O Qc7 16. Kb1 Ba8 17. f4 Nc4 18. Bxc4 bxc4 19. Nd4 Nxe4 20. Nxe4
Bxe4 21. Qe2 Qb7 22. Bc1 c3 23. b4 a5 24. b5 a4 25. Rhe1 f5 26. Ne6 Bf6 27.
Be3 Qd7 28. Ng5 Bxg5 29. hxg5 Kf7 30. Rd4 Rb8 31. Rb4 Rhc8 32. Bd4 Qe6 33.
b6 Qd5 34. Qa6 Bxc2+ 35. Kxc2 Qa2+ 36. Kd3 Qd2# {White checkmated} 0-1

[Event "ICC tourney 2049 (75 10)"]
[Site "Internet Chess Club"]
[Date "2020.10.10"]
[Round "3"]
[White "greenninja"]
[Black "Almanac2050"]
[Result "1/2-1/2"]
[ICCResult "Game drawn by mutual agreement"]
[WhiteElo "1950"]
[BlackElo "1768"]
[Opening "French: Tarrasch, closed variation"]
[ECO "C05"]
[NIC "FR.17"]
[Time "14:46:35"]
[TimeControl "4500+10"]

1. e4 e6 2. d4 d5 3. Nd2 Nf6 4. e5 Nfd7 5. Bd3 c5 6. c3 Nc6 7. Ne2 Qb6 8.
Nf3 Be7 9. O-O cxd4 10. cxd4 f6 11. exf6 Nxf6 12. Nc3 O-O 13. Re1 Kh8 14.
Bc2 Bd7 15. b3 Nb4 16. Bb1 Rac8 17. Bd2 Nc6 18. Na4 Qc7 19. Bg5 Bd6 20. Bh4
e5 21. dxe5 Nxe5 22. Nxe5 Bxe5 23. Bg3 Bxg3 24. hxg3 b5 25. Nb2 Qc3 26. Re2
Rfe8 27. Bd3 Rxe2 28. Qxe2 Re8 29. Qc2 Qxc2 30. Bxc2 Re2 31. Rc1 Ng4 32. Nd3
Bf5 33. Bd1 Rxa2 34. Bxg4 Bxg4 35. Rc5 h6 36. Rxb5 Ra3 37. f3 Be6 38. Nf4
Bg8 39. Kf2 d4 40. Rb4 Rxb3 41. Rxd4 a5 42. Ra4 Rb5
{Game drawn by mutual agreement}
1/2-1/2

[Event "ICC tourney 2049 (75 10)"]
[Site "Internet Chess Club"]
[Date "2020.10.10"]
[Round "3"]
[White "combusken1123"]
[Black "winner08"]
[Result "0-1"]
[ICCResult "White resigns"]
[WhiteElo "1666"]
[BlackElo "1813"]
[Opening "Giuoco Piano: Möller (Therkatz) attack"]
[ECO "C54"]
[NIC "IG.02"]
[Time "14:46:29"]
[TimeControl "4500+10"]

1. e4 e5 2. Nf3 Nc6 3. Bc4 Bc5 4. c3 Nf6 5. d4 exd4 6. cxd4 Bb4+ 7. Nc3 Nxe4
8. O-O Bxc3 9. d5 Bf6 10. Re1 O-O 11. dxc6 Nd6 12. cxb7 Bxb7 13. Bd5 c6 14.
Bb3 Nf5 15. Qc2 Nd4 16. Nxd4 Bxd4 17. Bd2 Qf6 18. Bc3 Bxc3 19. bxc3 d5 20.
c4 d4 21. c5 Ba6 22. Bc4 Bxc4 23. Qxc4 Rad8 24. Rad1 Rfe8 25. g3 Rxe1+ 26.
Rxe1 h6 27. Rd1 Qe5 28. a3 Qe4 29. Qd3 Qd5 30. Qc2 Qf3 31. Qd3 Qh5 32. Rc1
Rd5 33. Rb1 Rd8 34. Rb4 Qxc5 35. Rc4 Qd5 36. Rb4 c5 37. Rb5 Re8 38. Qd2 Qc4
39. Rb2 d3 {White resigns} 0-1

[Event "ICC tourney 2049 (75 10)"]
[Site "Internet Chess Club"]
[Date "2020.10.10"]
[Round "3"]
[White "sanjayselvam"]
[Black "Zuiopal"]
[Result "1-0"]
[ICCResult "Black checkmated"]
[WhiteElo "1932"]
[BlackElo "1700"]
[Opening "Queen's pawn: London system"]
[ECO "A45"]
[NIC "QP.07"]
[Time "14:46:41"]
[TimeControl "4500+10"]

1. d4 Nf6 2. Bf4 e6 3. e3 d5 4. c3 Bd6 5. Bg3 O-O 6. Bd3 b6 7. Nf3 Bb7 8.
Nbd2 c5 9. Qe2 Ne4 10. Rd1 f5 11. Ne5 Nc6 12. Bxe4 Nxe5 13. dxe5 fxe4 14.
exd6 Qd7 15. Qg4 Rf5 16. O-O Raf8 17. Qh4 h6 18. Qe7 R5f7 19. Qxd7 Rxd7 20.
f3 Ba6 21. Rf2 Bd3 22. fxe4 Rxf2 23. Kxf2 dxe4 24. Nf1 g5 25. Be5 Kf7 26. g4
Kg6 27. Ng3 c4 28. Nh5 Rf7+ 29. Kg2 b5 30. Rd2 Bf1+ 31. Kg1 Bd3 32. Rf2 Rf3
33. Rxf3 exf3 34. d7 Be2 35. d8=Q f2+ 36. Kxf2 Bxg4 37. Qe8+ Kf5 38. Qh8
Bxh5 39. Bd4 Bd1 40. Qe5+ Kg4 41. h3+ Kh5 42. Qxe6 a5 43. Qf7+ Kh4 44. Be5
Kxh3 45. Qe6+ Kh4 46. Qxh6+ Bh5 47. Bf6 Kg4 48. Qxg5+ Kh3 49. Qg3#
{Black checkmated}
1-0

[Event "ICC tourney 2049 (75 10)"]
[Site "Internet Chess Club"]
[Date "2020.10.10"]
[Round "3"]
[White "JunlinTheWorld"]
[Black "Elieman"]
[Result "1-0"]
[ICCResult "Black resigns"]
[WhiteElo "1890"]
[BlackElo "2037"]
[Opening "Scotch gambit: Dubois-Réti defense"]
[ECO "C55"]
[NIC "KP.02"]
[Time "14:47:03"]
[TimeControl "4500+10"]

1. e4 e5 2. Nf3 Nc6 3. d4 exd4 4. Bc4 Nf6 5. e5 d5 6. Bb5 Ne4 7. Nxd4 Bc5 8.
Bxc6+ bxc6 9. O-O O-O 10. f3 f6 11. fxe4 fxe5 12. Rxf8+ Qxf8 13. Be3 exd4
14. Bxd4 Bg4 15. Qd2 dxe4 16. Qc3 Bb6 17. Bxb6 axb6 18. Qc4+ Kh8 19. Nc3 Re8
20. Re1 Qf4 21. Rxe4 Rxe4 22. Qxe4 Qxe4 23. Nxe4 Bf5 24. Nc3 Kg8 25. b4 Bxc2
26. a4 c5 27. bxc5 bxc5 28. a5 Bd3 29. Nd5 Kf7 30. Nxc7 c4 31. Kf2 c3 32.
Ke3 c2 33. Kd2 Be4 34. g3 Ke7 35. Nb5 Kd7 36. Nd4 g6 37. Nxc2 Kc6 38. Nd4+
Kc5 39. Ke3 Ba8 40. Ne6+ Kb4 41. a6 Ka5 42. Kf4 Bh1 43. Kg5 Kxa6 44. Nf8 Kb6
45. Nxh7 Be4 46. Nf8 Kc7 47. Nxg6 Kd8 48. Kf6 Ke8 49. Kg7 Bb1 50. h4 Kd7 51.
h5 Ke6 52. h6 Kf5 53. h7 Kg5 54. h8=Q Bxg6 55. Qh6+ Kg4 56. Qxg6+ Kh3 57. g4
{Black resigns}
1-0

[Event "ICC tourney 2049 (75 10)"]
[Site "Internet Chess Club"]
[Date "2020.10.10"]
[Round "3"]
[White "MARMAYOGI11"]
[Black "sirking2800"]
[Result "1-0"]
[ICCResult "Black resigns"]
[WhiteElo "2202"]
[BlackElo "2001"]
[Opening "King's Indian: East Indian defense"]
[ECO "A48"]
[NIC "QP.06"]
[Time "14:46:30"]
[TimeControl "4500+10"]

1. d4 Nf6 2. Nf3 g6 3. Nbd2 Bg7 4. e4 d6 5. c3 O-O 6. Bc4 Nbd7 7. O-O e5 8.
dxe5 Nxe5 9. Nxe5 dxe5 10. Qe2 Qe7 11. Re1 Be6 12. a4 Nh5 13. g3 Bh6 14. Nf1
Bxc1 15. Raxc1 Qg5 16. h4 Qe7 17. Ne3 c6 18. Rcd1 Nf6 19. Bxe6 Qxe6 20. Qc4
Qe7 21. Kg2 Rad8 22. a5 Qc7 23. b4 b5 24. axb6 axb6 25. Nd5 Nxd5 26. exd5 c5
27. bxc5 bxc5 28. Qe4 f6 29. h5 g5 30. c4 Qf7 31. Rh1 Rfe8 32. g4 Rf8 33.
Qf5 Qd7 34. Qxd7 Rxd7 35. Rb1 Ra7 36. Rb5 Rc8 37. Rh3 Ra4 38. Rc3 Rc7 39.
Kf3 Kf7 40. Ke4 Ra2 41. Ke3 Ra4 42. Rb6 h6 43. f3 Rca7 44. Rc6 R7a5 45. Ke4
Ra2 46. Kf5 Ra6 47. Rc7+ Ke8 48. Rxc5 Rd2 49. Kg6 Rd4 50. Kxh6 Kd7 51. Rc6
Rxc6 52. dxc6+ Kxc6 53. Kg7 e4 54. h6 exf3 55. Rxf3 {Black resigns} 1-0

[Event "ICC tourney 2049 (75 10)"]
[Site "Internet Chess Club"]
[Date "2020.10.10"]
[Round "3"]
[White "poohfur"]
[Black "jairam09"]
[Result "0-1"]
[ICCResult "White resigns"]
[WhiteElo "1708"]
[BlackElo "1822"]
[Opening "Caro-Kann defense"]
[ECO "B15"]
[NIC "CK.05"]
[Time "14:46:39"]
[TimeControl "4500+10"]

1. e4 c6 2. d4 d5 3. Nc3 dxe4 4. Nxe4 Nf6 5. Ng3 h5 6. h4 Bg4 7. Be2 Bxe2 8.
N1xe2 e6 9. Nf4 g6 10. Qd3 Nbd7 11. Nxg6 fxg6 12. Qxg6+ Ke7 13. Bg5 Qe8 14.
Qe4 Kf7 15. Qf3 Kg7 16. O-O-O Be7 17. Rhe1 Qf7 18. Ne2 Nd5 19. Qg3 Bxg5+ 20.
Qxg5+ Qg6 21. Qd2 Qh6 22. f4 Rhf8 23. Rf1 Rf7 24. g4 hxg4 25. Rg1 Kh7 26.
Rxg4 Rg8 27. Qd3+ Kh8 28. Rg5 Nxf4 29. Nxf4 Rxf4 30. Rdg1 Rxh4 31. Qe3 Rxg5
32. Rxg5 Qf6 33. Kd1 Qf1+ 34. Kd2 Rh2+ 35. Kc3 Rh3 36. Rg3 Rxg3 37. Qxg3 Qf7
38. Qc7 Qf3+ 39. Kb4 Qd5 40. Qd8+ Kg7 41. Qe7+ Kg6 42. Qe8+ Kf6 43. Qh8+ Ke7
44. Qh7+ Kd8 45. Qh8+ Kc7 46. c4 Qd6+ 47. c5 Qf4 48. Qg7 e5 {White resigns}
0-1

[Event "ICC tourney 2049 (75 10)"]
[Site "Internet Chess Club"]
[Date "2020.10.10"]
[Round "3"]
[White "Knightoffaith"]
[Black "python0812"]
[Result "0-1"]
[ICCResult "White resigns"]
[WhiteElo "1772"]
[BlackElo "2051"]
[Opening "Sicilian: dragon, Yugoslav attack"]
[ECO "B75"]
[NIC "SI.17"]
[Time "14:46:39"]
[TimeControl "4500+10"]

1. e4 c5 2. Nf3 d6 3. d4 cxd4 4. Nxd4 Nf6 5. Nc3 g6 6. Be3 Bg7 7. f3 a6 8.
Qd2 h5 9. O-O-O b5 10. Kb1 Bb7 11. Nb3 Nbd7 12. Bd3 Ne5 13. Rhe1 Qc7 14. a3
Rc8 15. Bd4 Nc4 16. Bxc4 bxc4 17. Nc1 O-O 18. h3 Rfd8 19. Qf2 Qc6 20. g4 e5
21. Be3 d5 22. Bg5 d4 23. Nd5 Nxd5 24. Bxd8 Rxd8 25. exd5 Qxd5 26. Rf1 c3
27. bxc3 Qa5 28. cxd4 Bd5 29. Nb3 Qxa3 30. Qe3 exd4 31. Rxd4 Rb8 {White
resigns} 0-1

[Event "ICC tourney 2049 (75 10)"]
[Site "Internet Chess Club"]
[Date "2020.10.10"]
[Round "3"]
[White "canary2016"]
[Black "clair"]
[Result "1-0"]
[ICCResult "Black resigns"]
[WhiteElo "1947"]
[BlackElo "1711"]
[Opening "Modern defense"]
[ECO "A40"]
[NIC "QO.17"]
[Time "14:46:26"]
[TimeControl "4500+10"]

1. d4 g6 2. c4 Bg7 3. Nf3 d6 4. g3 e6 5. Bg2 Ne7 6. O-O O-O 7. Nc3 Nd7 8. e4
c5 9. Be3 Rb8 10. Qd2 a6 11. Rfd1 b5 12. cxb5 axb5 13. dxc5 b4 14. Ne2 Ba6
15. cxd6 Nc6 16. Ned4 Nce5 17. Rac1 Rc8 18. Rxc8 Qxc8 19. Qxb4 Nd3 20. Qc3
N3c5 21. Nd2 Qb8 22. b4 Nd3 23. Qc6 Qb7 24. Qxb7 Bxb7 25. a3 Ra8 26. Nc4
N3e5 27. Na5 Ba6 28. f4 Nc4 29. Nxc4 Bxc4 30. Bc1 e5 31. Nc6 exf4 32. gxf4
Ra6 33. Na5 Be2 34. Rd2 Bg4 35. e5 f6 36. Bd5+ Kf8 37. e6 Rxd6 38. exd7 Bxd7
39. Bc4 Rxd2 40. Bxd2 f5 41. b5 Bd4+ 42. Kg2 Bb2 43. a4 Be8 44. Nc6 Bxc6+
45. bxc6 Ke7 46. Bb4+ Kd8 47. Bd6 Bc3 48. c7+ Kd7 49. Be6+ Kxd6 {Black
resigns} 1-0

[Event "ICC tourney 2049 (75 10)"]
[Site "Internet Chess Club"]
[Date "2020.10.10"]
[Round "3"]
[White "Arshshah"]
[Black "chesslead"]
[Result "0-1"]
[ICCResult "White resigns"]
[WhiteElo "1853"]
[BlackElo "2088"]
[Opening "Pirc defense"]
[ECO "B07"]
[NIC "PU.08"]
[Time "14:46:34"]
[TimeControl "4500+10"]

1. e4 d6 2. d4 Nf6 3. Nc3 Nbd7 4. Bd3 e5 5. Nf3 Be7 6. Bg5 c6 7. Bxf6 Bxf6
8. dxe5 dxe5 9. h3 h6 10. Qe2 O-O 11. O-O Qc7 12. Rfd1 Rd8 13. Bc4 b5 14.
Bb3 Bb7 15. a3 Nc5 16. Ba2 a5 17. Rxd8+ Rxd8 18. b4 Na6 19. bxa5 Qxa5 20.
Qe3 Bc8 21. Ne2 Qc7 22. Qc3 Qd6 23. Ng3 Nc5 24. Qe3 Ne6 25. Nf5 Qc7 26. Re1
Qa5 27. Bxe6 Bxe6 28. Qc5 Qc7 29. Ne3 Rd7 30. Re2 Be7 31. Qxe5 Bxa3 32. Qxc7
Rxc7 33. Rd2 Rd7 34. Rxd7 Bxd7 35. Ne5 Be8 36. Nd3 Kf8 37. f4 c5 38. c4 bxc4
39. Nxc4 Bb5 40. Nde5 Bc1 41. g3 Ke7 42. Kf2 Ke6 43. Kf3 f6 44. Nd3 Bxc4 45.
Nxc1 Bf1 46. h4 Kd6 47. Ke3 Kc6 48. Nd3 Kb5 49. e5 c4 50. exf6 gxf6 51. Nf2
c3 52. Ne4 Kc4 53. g4 Kb3 54. Nxc3 Kxc3 55. Ke4 Bd3+ 56. Kd5 Bc4+ 57. Ke4
Be6 58. g5 h5 59. gxf6 Kd2 60. Ke5 Bg8 61. Kf5 Bf7 62. Ke4 Be6 63. Ke5
{White resigns}
0-1

[Event "ICC tourney 2049 (75 10)"]
[Site "Internet Chess Club"]
[Date "2020.10.10"]
[Round "3"]
[White "CARTERD253"]
[Black "abi2009"]
[Result "1-0"]
[ICCResult "Black resigns"]
[WhiteElo "2164"]
[BlackElo "1732"]
[Opening "QGD: Orthodox defense, 7.Rc1"]
[ECO "D63"]
[NIC "QO.11"]
[Time "14:46:22"]
[TimeControl "4500+10"]

1. d4 d5 2. c4 e6 3. Nc3 Nf6 4. Bg5 Be7 5. e3 O-O 6. Rc1 Nbd7 7. Nf3 b6 8.
cxd5 Nxd5 9. Nxd5 Bxg5 10. Nxc7 Rb8 11. Ba6 Be7 12. O-O Bd6 13. Bxc8 Bxc7
14. Bxd7 Qxd7 15. Qd3 h6 16. Rc3 Bd6 17. Rfc1 Rfc8 18. Qc2 Rxc3 19. Qxc3 Rb7
20. Qc8+ Qxc8 21. Rxc8+ Kh7 22. Kf1 Rc7 23. Rxc7 Bxc7 24. Ke2 Kg8 25. Kd3 b5
26. b3 Kf8 27. Ne5 f6 28. Nc6 a6 29. Nb4 a5 30. Na6 Bd6 31. a4 bxa4 32. bxa4
Ke8 33. Nc5 Bxc5 34. dxc5 Kd7 35. Kc4 Kc6 36. g4 g6 37. f3 f5 38. e4 fxe4
39. fxe4 h5 40. gxh5 gxh5 41. Kd4 h4 42. h3 e5+ 43. Kc4 {Black resigns} 1-0